 Dungeon Crawl Stone Soup version 0.26.0-45-g9c1d065592 (webtiles) character file.

Game seed: 16121391044130958222

1357 kaeus the Covert (level 8, -4/44 (46) HPs)
             Began as an Octopode Enchanter on Jan 29, 2021.
             Slain by a wight
             ... wielding a cursed +7 mace
              (13 damage)
             ... on level 6 of the Dungeon.
             The game lasted 00:08:27 (7954 turns).

kaeus the Covert (Octopode Enchanter)               Turns: 7954, Time: 00:08:27

HP:   -4/44 (46)    AC:  5    Str:  8    XL:     8   Next: 64%
MP:   14/14         EV: 15    Int: 17    God:
Gold: 407           SH:  0    Dex: 14    Spells: 9/15 levels left

rFire    . . .     SeeInvis .   j - +1 dagger (freeze)
rCold    . . .     Faith    .   (no shield)
rNeg     + . .     Spirit   .   (helmet restricted)
rPois    .         Reflect  .   h - amulet of regeneration
rElec    .         Harm     .   f - +4 ring of protection
rCorr    .         Rampage  .   A - ring of the Forsaken Cities {rN+ Will+}
Will     +....                  (no ring)
Stlth    +++++.....             (no ring)
HPRegen  0.54/turn              (no ring)
MPRegen  0.14/turn              (no ring)
                                (no ring)
                                (no ring)

@: lightly drained
A: almost no armour, stealthy swim, amphibious, 8 rings, constrict 8, camouflage
1, gelatinous body 1
a: no special abilities


You were on level 6 of the Dungeon.
You visited 2 branches of the dungeon, and saw 7 of its levels.

You collected 407 gold pieces.

Inventory:

Hand Weapons
 j - a +1 dagger of freezing (weapon)
Missiles
 d - 18 poisoned darts
 l - 3 curare-tipped darts
Jewellery
 f - a +4 ring of protection (left tentacle)
 h - an amulet of regeneration (around mantle)
 A - the ring of the Forsaken Cities (right tentacle) {rN+ Will+}
   (You found it on level 4 of the Dungeon)

   [ring of willpower]

   It protects you from negative energy.
   It affects your willpower, your defense against some magical effects.
Wands
 q - a wand of digging (6)
 w - a wand of paralysis (8)
Scrolls
 e - 6 scrolls of teleportation
 i - 7 scrolls of remove curse
 k - a scroll of enchant weapon {unknown}
 n - a scroll of fog {unknown}
 r - 3 scrolls of magic mapping
 y - a scroll of random uselessness {unknown}
Potions
 a - 2 potions of brilliance
 b - a potion of degeneration {unknown}
 c - a potion of berserk rage
 g - a potion of cancellation {unknown}
 m - 2 potions of resistance
 o - a potion of magic {unknown}
 p - 2 potions of heal wounds {unknown}
 s - a potion of ambrosia {unknown}
 t - 2 potions of haste {unknown}
 u - 2 potions of attraction {unknown}
 v - a potion of might {unknown}
 x - a potion of lignification {unknown}
 z - a potion of curing {unknown}


   Skills:
 + Level 4.1 Short Blades
 + Level 4.6 Dodging
 * Level 9.3 Stealth
 + Level 4.2 Spellcasting
 + Level 5.1 Hexes


You had 9 spell levels left.
You knew the following spells:

 Your Spells              Type           Power        Failure   Level
a - Corona                Hex            23%          1%          1
b - Ensorcelled Hibernat  Hex/Ice        24%          9%          2
c - Dazzling Flash        Conj/Hex       24%          16%         3

Your spell library contained the following spells:

 Spells                   Type           Power        Failure   Level
 Confusing Touch          Hex            21%          5%          3
 Tukima's Dance           Hex            21%          5%          3


Dungeon Overview and Level Annotations

Branches:
Dungeon (6/15)             Temple (1/1) D:5

Altars:
Dithmenos
Fedhas
Gozag
Hepliaklqana
Makhleb
Nemelex Xobeh
Qazlal
Trog
Uskayaw
Yredelemnul
Zin
Lugonu

Annotations:
D:4 2 transporters, Shayle's ghost, amateur HaWn
D:5 3 runed translucent doors, Gadfly's ghost, novice MiMo


Innate Abilities, Weirdness & Mutations

You cannot wear most types of armour.
You are very stealthy in the water. (Stealth+)
You are amphibious.
You can wear up to eight rings at the same time.
You can use your tentacles to constrict eight enemies at once.
Your skin changes colour to match your surroundings (Stealth+).
Your rubbery body absorbs attacks. (AC +1, EV +1)


Message History

You constrict the wight. You hit the wight.
The wight is heavily damaged.
You constrict the wight, but do no damage.
The wight completely misses you.
You hit the wight.
The wight is severely damaged.
You constrict the wight, but do no damage.
The wight hits you with a cursed +7 mace!
* * * LOW HITPOINT WARNING * * *
You take 16 damage, and have 7/44 hp.
MASSIVE DAMAGE!!
You release your grip on the wight.
You hit the wight but do no damage. You grab the wight.
The wight is severely damaged.
You constrict the wight. You hit the wight.
The wight is severely damaged.
You constrict the wight, but do no damage.
The wight hits you with a cursed +7 mace!
You die...

##.##...#....#.###^..##.#####'#.#
#...#...######.# #.#.##.##......#
###.#....# #.# #.#.##.##......#
.......#.# #.# #.#..#.##......#
###.#..#.### #.# #.##.#.##..#####
.......#.... #.# #.# #..#
..........##.#. #.# ####
.....#.#.....#z###.###
.....'.#.....#.z@....#
.....###.###.#####.#.##..##
...........................
......##.###.#####.#.###.##
......##.# #.....#.#.#
......##.#######.#.#.#
......##...........#.#
#####.#...######...#.# #.#.#.#
#)..#.#


You could see 2 wights.

Vanquished Creatures
  An orc warrior (D:6)
  2 ice beasts
  3 centaurs (D:6)
  2 bullfrogs (D:6)
  2 scorpions
  A wyvern skeleton (D:6)
  A wight (D:6)
  A howler monkey (D:5)
  2 hounds (D:4)
  An orc priest (D:4)
  An orc wizard (D:6)
  An iguana (D:4)
  5 worker ants
  A hound skeleton (D:4)
  A gnoll (D:2)
  9 adders
  A white imp (D:6)
  An ufetubus (D:6)
  2 oozes
  2 worms (D:4)
  A dart slug (D:2)
  3 leopard geckos
  7 orcs
  3 giant cockroaches
  12 goblins
  5 hobgoblins
  6 jackals
  9 kobolds
  3 quokkas
  7 ball pythons
  A ball python skeleton (D:4)
  9 bats
  10 frilled lizards
  A leopard gecko skeleton (D:6)
  6 rats
123 creatures vanquished.

Vanquished Creatures (others)
  6 plants (D:4)
6 creatures vanquished.

Grand Total: 129 creatures vanquished

Notes
Turn   | Place    | Note
-------+----------+-------------------------------------------
     0 | D:1      | kaeus the Octopode Enchanter began the quest for the Orb.
     0 | D:1      | Reached XP level 1. HP: 11/11 MP: 3/3
   212 | D:1      | Reached XP level 2. HP: 5/17 MP: 5/5
  1361 | D:2      | Reached XP level 3. HP: 21/21 MP: 6/6
  1738 | D:2      | Reached skill level 5 in Stealth
  1909 | D:2      | Noticed an ice beast
  1919 | D:2      | Killed an ice beast
  1920 | D:2      | Reached XP level 4. HP: 27/27 MP: 7/7
  1920 | D:2      | Reached XP level 5. HP: 31/31 MP: 8/8
  2777 | D:3      | Reached skill level 6 in Stealth
  3055 | D:3      | Reached XP level 6. HP: 36/36 MP: 10/10
  3680 | D:4      | Found a hide-covered altar of Uskayaw.
  3736 | D:4      | Noticed Shayle's ghost (amateur HaWn)
  4135 | D:4      | Found a transporter.
  4136 | D:4      | Found a transporter.
  4252 | D:4      | Reached XP level 7. HP: 41/41 MP: 11/11
  4259 | D:4      | Reached skill level 7 in Stealth
  4582 | D:4      | Got a translucent amber ring
  4586 | D:4      | Identified the ring of the Forsaken Cities {rN+ Will+} (You
                  | found it on level 4 of the Dungeon)
  4811 | D:5      | Entered Level 5 of the Dungeon
  4951 | D:5      | Found a staircase to the Ecumenical Temple.
  4975 | Temple   | Entered the Ecumenical Temple
  5106 | D:5      | HP: 2/41 [ice beast (9)]
  5702 | D:5      | Found a blossoming altar of Fedhas.
  5761 | D:5      | Found a runed translucent gate.
  5762 | D:5      | Found a runed translucent gate.
  5766 | D:5      | Found a runed translucent gate.
  5766 | D:5      | Noticed Gadfly's ghost (novice MiMo)
  5888 | D:5      | Found a shadowy altar of Dithmenos.
  6148 | D:5      | Learned a level 2 spell: Ensorcelled Hibernation
  6152 | D:5      | Learned a level 3 spell: Dazzling Flash
  6260 | D:6      | Reached skill level 8 in Stealth
  6281 | D:6      | Reached XP level 8. HP: 17/46 MP: 13/13
  7670 | D:6      | Reached skill level 9 in Stealth
  7670 | D:6      | Reached skill level 5 in Hexes
  7954 | D:6      | Slain by a wight

Illustrated notes

Levels and vault maps discovered:
D:1:      ebering_trefoil_twist, layout_basic, minmay_tetromino_i4
D:2:      layout_loops_ring, eino_tiny_chamber, grunt_ministairs_12,
          amcnicky_mini_pool_small, cheibrodos_gnoll_hut
D:3:      layout_loops_ring, kennysheep_crisscross, kennysheep_generic_room_10
D:4:      layout_cave_pools, marbit_many_paths, gammafunk_ghost_gnarly_gnolls,
          minmay_joined_circles
D:5:      layout_basic, nicolae_overflow_hidden_temple, general_overflow_altar,
          minmay_temple_entry_statues_fountains, gammafunk_ghost_split
D:6:      layout_basic, uniq_crazy_yiuf_cottage
Temple:   corrupted_temple

Skill      XL: |  1  2  3  4  5  6  7  8 |
---------------+-------------------------+-----
Stealth        | 5 6 8 9 |  9.3
Short Blades   | 2 3 4 |  4.1
Dodging        | 3 4 |  4.6
Spellcasting   | 3 4 |  4.2
Hexes          | 4 5 |  5.1

Action                   |  1- 3 |  4- 6 |  7- 9 || total
-------------------------+-------+-------+-------++-------
Melee: Dagger            |    89 |   118 |   167 ||   374
       Constrict         |    21 |    21 |    24 ||    66
       Tentacles         |    11 |    15 |    33 ||    59
  Use: Scroll            |       |       |     5 ||     5
       Potion            |       |       |     2 ||     2
 Stab: Sleeping          |    14 |    16 |     8 ||    38
       Distracted        |       |       |     1 ||     1
Armor: Skin              |    19 |    28 |    10 ||    57
Dodge: Dodged            |    51 |    77 |    94 ||   222
